AoeStats
← Chiripa605

Lombardia

510190872Analyzed
4v4 RM · 17h ago on Sep 29, 2026· 15m 43s· 8 players
Game mode
Random Map
Map size
Large (8 player)
Population
200
Speed
Normal
Resources
Standard
Victory
Conquest
Starting age
Dark Age
Ending age
Imperial Age
RankedLock teamsTeams togetherTeam positionsShared explorationLock speedFull tech treeHidden civsTurbo modeCheats
Victory
Defeat
🇺🇸 Magyars · United States
1561
+11
🇨🇴 Romans · Colombia
1450
+16
🇺🇸 Varangians · United States
1435
+16
🇺🇸 Hindustanis · United States
1430
+16
🇮🇹 Varangians · Italy
1507
-17
1483
-16
🇮🇳 Britons · India
1443
-15
🇫🇷 Franks · France
1350
-11
Alt+F4 | Popo
6:53 Loom
9:01 Feudal Age
10:32 Double-Bit Axe
Alt+F4 | Haise
10:07 Feudal Age
15:15 Castle Age
13:50 Double-Bit Axe
14:52 Horse Collar
Chiripa605
7:30 Loom
9:52 Feudal Age
10:26 Double-Bit Axe
11:45 Horse Collar
KiranKanel
6:41 Loom
10:46 Feudal Age
11:57 Double-Bit Axe
17:00 Castle Age
15:00 Gold Mining
17:27 Castle Age
15:33 Horse Collar
TheHole
4:31 Loom
10:35 Feudal Age
14:41 Castle Age
差不多先生
9:11 Feudal Age
9:57 Double-Bit Axe
13:21 Loom
arsenalchelsea2
8:56 Loom
10:42 Feudal Age
我放了个屁她顺风追了
10:58 Feudal Age
9:39 Loom
15:32 Castle Age
Connection lost

Rejoining the realm…

Still unreachable

The connection could not be restored.

Session expired

The server has moved on; the page needs a fresh start.